 Dungeon Crawl Stone Soup version 0.28.0-43-g3370ac3207 (webtiles) character file.

Game seed: 11031810784422966531

54 zeratav the Sneak (level 3, 0/16 HPs)
             Began as a Spriggan Enchanter on Mar 31, 2022.
             Slain by an orc wizard
             ... wielding a +0 dagger
              (2 damage)
             ... on level 3 of the Dungeon.
             The game lasted 00:10:33 (3072 turns).

zeratav the Sneak (Spriggan Enchanter)              Turns: 3072, Time: 00:10:33

Health: 0/16       AC:  3    Str:  4    XL:     3   Next: 66%
Magic:  1/8        EV: 17    Int: 18    God:
Gold:   125        SH:  0    Dex: 15    Spells: 3/8 levels left

rFire   . . .      SeeInvis +   a - +1 dagger
rCold   . . .      Faith    .   (no shield)
rNeg    . . .      Spirit   .   b - +1 robe
rPois   .          Reflect  .   (helmet restricted)
rElec   .          Harm     .   (no cloak)
rCorr   .          Rampage  .   (gloves unavailable)
Will    .....                   (boots unavailable)
Stlth   +++.......              (no amulet)
HPRegen 0.05/turn               (no ring)
MPRegen 0.11/turn               (no ring)

@: very quick
A: very small, no large weapons, unfitting armour, see invisible, speed 3
a: no special abilities


You were on level 3 of the Dungeon.
You visited 1 branch of the dungeon, and saw 3 of its levels.

You collected 125 gold pieces.

Inventory:

Hand Weapons
 a - a +1 dagger (weapon)
 f - the +9 whip of Righteous Fury {vorpal, rF++ rCorr Int+6}
   (You took it off a goblin on level 2 of the Dungeon)

   It inflicts extra damage upon your enemies.
   Int:       It affects your intelligence (+6).
   rF:        It greatly protects you from fire.
   rCorr:     It protects you from acid and corrosion.
Missiles
 e - 28 stones
 h - 25 sling bullets
 o - 3 poisoned darts (quivered)
 p - 4 boomerangs
Armour
 b - a +1 robe (worn)
Jewellery
 k - a ring of fire
Scrolls
 n - a scroll of amnesia
Potions
 c - a potion of invisibility
 d - a potion of magic
 g - a potion of curing
 i - a potion of resistance
 j - a potion of degeneration {unknown}
 l - a potion of berserk rage {unknown}
 r - a potion of heal wounds {unknown}


   Skills:
 + Level 0.1 Fighting
 + Level 1.8 Short Blades
 + Level 2.7 Dodging
 + Level 5.6 Stealth
 + Level 3.1 Spellcasting
 + Level 4.2 Hexes
 * Level 0.1 Ice Magic


You had 3 spell levels left.
You knew the following spells:

 Your Spells              Type           Power      Damage    Failure   Level
a - Ensorcelled Hibernat  Hex/Ice        20%        N/A       10%         2
b - Confusing Touch       Hex            18%        N/A       9%          3

Your spell library contained the following spells:

 Spells                   Type           Power      Damage    Failure   Level
 Tukima's Dance           Hex            18%        N/A       9%          3
 Dazzling Flash           Conj/Hex       20%        N/A       21%         3


Dungeon Overview and Level Annotations

Branches:
Dungeon (3/15)

Altars:


Innate Abilities, Weirdness & Mutations

You are very small and have problems with some larger weapons.
You are too small for most types of armour.
You have supernaturally acute eyesight. (SInv)
You cover ground extremely quickly. (Speed+++)


Message History

You bump into the rock wall.
The orc wizard barely misses you.
You feel less confused.
There is a stone staircase leading up here.
There is an open door here.
You see here a rat corpse.
You barely miss the orc wizard. The orc wizard casts a spell at you.
You are confused.
You're too confused to cast spells.
Sorry, you're not good enough to have a special ability.
Non-targeted confused throw: 3 darts (poison)
Press: ? - help, Q - select action, (/) - cycle Dir - look around, f - activate
Okay, then.
You're too confused to cast spells.
You bump into the rock wall.
The orc wizard closely misses you.
You bump into the rock wall.
The orc wizard gestures at you while chanting.
The puff of flame hits you.
You bump into the rock wall.
The orc wizard closely misses you.
You bump into the rock wall.
The orc wizard closely misses you.
You're too confused to move!
You feel less confused. The orc wizard barely misses you.
You completely miss the orc wizard.
The orc wizard hits you but does no damage.
Casting: Ensorcelled Hibernation (safe; 10% risk of failure)
Confirm with . or Enter, or press ? or * to list all spells.
Aiming: Ensorcelled Hibernation (safe; 10% risk of failure)
Press: ? - help, Shift-Dir - straight line, f - orc wizard
Aim: an orc wizard, wielding a +0 dagger and wearing a +0 robe (chance to affect: 44%)
The orc wizard resists with some effort.
The orc wizard gestures at you while chanting.
You resist with some effort.
You hit the orc wizard but do no damage.
The orc wizard points at you and mumbles some strange words.
The puff of flame hits you!
Ouch! That really hurt!
* * * LOW HITPOINT WARNING * * *
The orc wizard hits you with a +0 dagger.
You die...

#.###########.....## +
#...........'......#
#.#.r##########).....#
#.#..#.......<†......###.
#....######.###..........
#......# #.# #..........
#.##r#.# #.# #..........
#......# #.# #..........
#.##o#.# #.###@##.......
# #.#.# #...o.# .......
#.##.#.########)# .......
#...o#......###.# .......
#...)o........... .....#.
#.####.......#####..#...
... .........# ##
#....#..#### ...o.......


You could see an orc wizard.

Vanquished Creatures
  An adder (D:2)
  3 orcs (D:3)
  7 ball pythons
  5 bats
  An endoplasm (D:2)
  A giant cockroach (D:2)
  6 goblins
  3 hobgoblins
  3 jackals (D:2)
  2 kobolds
  4 frilled lizards
  4 rats
40 creatures vanquished.

Notes
Turn   | Place    | Note
-------+----------+-------------------------------------------
     0 | D:1      | zeratav the Spriggan Enchanter began the quest for the Orb.
     0 | D:1      | Reached XP level 1. HP: 9/9 MP: 5/5
   181 | D:1      | Reached XP level 2. HP: 13/13 MP: 6/6
   184 | D:1      | Learned a level 2 spell: Ensorcelled Hibernation
   457 | D:1      | Found a faded altar of an unknown god.
   731 | D:1      | Reached skill level 5 in Stealth
  1442 | D:2      | Reached XP level 3. HP: 16/16 MP: 0/8
  1814 | D:2      | Identified the +9 whip of Righteous Fury {vorpal, rF++
                  | rCorr Int+6}
  2202 | D:2      | Learned a level 3 spell: Confusing Touch
  3072 | D:3      | Slain by an orc wizard

Illustrated notes

Levels and vault maps discovered:
D:1:      arrival_zaba_pyramid, layout_basic, ebering_ecumenical_altar_hall,
          corner_web_ring, nicolae_concentric_dashed_squares_mild
D:2:      layout_loops_corners, chequers_garden
D:3:      wad_pebble_path, layout_basic, kennysheep_small_spiral,
          minmay_diced_spiral, uniq_crazy_yiuf_cottage, uniq_jessica

Skill      XL: |  1  2 |
---------------+-------+-----
Hexes          | 4 |  4.2
Spellcasting   | 3 |  3.1
Stealth        | 5 |  5.6
Fighting       | |  0.1
Short Blades   | |  1.8
Dodging        | |  2.7
Ice Magic      | |  0.1

Action                   || total
-------------------------++-------
Melee: Dagger            ||    79
       Punch             ||     1
Throw: Dart              ||     1
 Cast: Ensorcelled Hiber ||    37
  Use: Scroll            ||     8
 Stab: Sleeping          ||    27
Armor: Robe              ||     6
Dodge: Dodged            ||    66
